 Dungeon Crawl Stone Soup version 0.30.1-11-g7821555f0a (webtiles) character file.

Game seed: 12005476862619293705

208665 Woods the Warrior (level 19, 0/156 HPs)
             Began as a Djinni Conjurer on Oct 31, 2023.
             Was a Priest of Ashenzari.
             Slain by a five-headed hydra (4 damage)
             ... on level 3 of the Lair of Beasts.
             The game lasted 02:09:58 (27462 turns).

Woods the Warrior (Djinni Conjurer)                Turns: 27462, Time: 02:09:59

Health: 0/156      AC: 13    Str:  8    XL:     19   Next: 51%
Gold:   2595       EV: 18    Int: 25    God:    Ashenzari [***...] SH:  0 Dex: 15

rFire   + + +        M - staff of fire "Paranoia of Ashenzari" (curse) {rF+ Dex+2, Self, Melee} (curse)
rCold   x . .        (no shield)
rNeg    . . .        F - +2 troll leather armour of Ashenzari's Stoicism {Regen+, Fort, Self} (curse)
rPois   ∞            r - +0 helmet
rElec   .            E - +0 cloak "Chained Liberalism" {Fort, Self} (curse)
rCorr   .            h - +0 pair of gloves "Celestial Affliction" {Self, Cun} (curse)
SInv    +            (boots unavailable)
Will    ++...        R - amulet of Vitality {RegenMP++ Regen++, Self, Cun} (curse)
Stlth   +++++        m - ring of willpower
HPRegen 2.86/turn    (no ring)
MPRegen 0.00/turn

%: clarity, infuse magic (-1 HP)
@: flying
A: sickness immunity, fire resistance 2, cold vulnerability 1, float, innate
caster, HP casting, extra vitality 1
}: 1/15 runes: gossamer
a: Renounce Religion, Curse Item, Shatter the Chains


You were on level 3 of the Lair of Beasts.
You worshipped Ashenzari.
Ashenzari was most pleased with you.
You visited 5 branches of the dungeon, and saw 25 of its levels.
You also visited: Sewer and Volcano.

You collected 2595 gold pieces.

Inventory:

Hand Weapons
 W - a +3 scimitar of flaming
Armour
 a - a +0 robe
 h - the cursed +0 pair of gloves "Celestial Affliction" (worn) {Self, Cun}
   (You found it on level 5 of the Dungeon)

   It has a curse which improves the following skills: Introspection: Fighting
   and Spellcasting.
   Cunning:   Dodging and Stealth.
 r - a +0 helmet (worn)
 s - a +2 hat
 v - an orb of guile
 E - the cursed +0 cloak "Chained Liberalism" (worn) {Fort, Self}
   (You found it on level 6 of the Dungeon)

   It has a curse which improves the following skills: Fortitude: Armour and
   Shields.
   Introspection: Fighting and Spellcasting.
 F - the cursed +2 troll leather armour of Ashenzari's Stoicism (worn) {Regen+, Fort, Self}
   (You found it on level 7 of the Dungeon)

   Regen:     It increases your rate of health regeneration.
   It has a curse which improves the following skills: Fortitude: Armour and
   Shields.
   Introspection: Fighting and Spellcasting.
 K - +0 acid dragon scales
 T - +0 fire dragon scales
 U - a +0 kite shield of fire resistance
 X - the +4 skin of Zhor {*Englaciate rC+++ SInv}
   (You found it on level 2 of the Lair of Beasts)

   *Englaciate: It radiates cold, occasionally slowing all nearby creatures who
   are not resistant to cold.
   rC:        It renders you almost immune to cold.
   SInv:      It lets you see invisible.
Magical Staves
 M - the cursed staff of fire "Paranoia of Ashenzari" (weapon) {rF+ Dex+2, Self, Melee}
   (You acquired it on level 12 of the Dungeon)

   [staff of fire]

   Your inability to study Fire Magic prevents you from drawing on the full
   power of this staff in melee.
   Base accuracy: +5 Base damage: 5 Base attack delay: 1.2 This weapon's minimum
   attack delay (0.6) is reached at skill level 12.
   Dex:       It affects your dexterity (+2).
   rF:        It protects you from fire.
   It falls into the 'Staves' category.
   It is a one-handed weapon.
   It has a curse which improves the following skills: Introspection: Fighting
   and Spellcasting.
   Melee Combat: Short Blades, Long Blades, Axes, Maces & Flails, Polearms,
   Staves and Unarmed Combat.
Jewellery
 g - a +5 ring of evasion
 k - a +6 ring of dexterity
 m - a ring of willpower (left hand)
 z - a ring of fire
 H - a +5 ring of evasion
 J - a ring of positive energy
 R - the cursed amulet of Vitality (around neck) {RegenMP++ Regen++, Self, Cun}
   (You found it on level 3 of the Lair of Beasts)

   [amulet of magic regeneration]

   It increases your rate of magic regeneration.
   Regen:     It increases your rate of health regeneration.
   It has a curse which improves the following skills: Introspection: Fighting
   and Spellcasting.
   Cunning:   Dodging and Stealth.
 Y - a +6 ring of intelligence
Wands
 B - a wand of iceblast (30)
 G - a wand of polymorph (4)
 L - a wand of light (2)
 N - a wand of flame (37)
 O - a wand of digging (9)
 V - a wand of charming (5)
Scrolls
 b - 5 scrolls of vulnerability
 d - 7 scrolls of fog
 f - 4 scrolls of silence
 j - 9 scrolls of immolation
 l - 12 scrolls of teleportation
 n - a scroll of magic mapping
 o - 2 scrolls of poison
 t - 4 scrolls of fear
 y - 3 scrolls of butterflies
 I - a scroll of brand weapon
 P - 3 scrolls of enchant armour
Potions
 c - 11 potions of curing
 e - 6 potions of mutation
 i - 2 potions of lignification
 p - 10 potions of brilliance
 q - 3 potions of heal wounds
 u - 6 potions of haste
 w - 3 potions of might
 x - 2 potions of attraction
 A - 13 potions of ambrosia
 C - 2 potions of invisibility
 D - a potion of cancellation
 S - a potion of resistance
Miscellaneous
 Q - a phantom mirror


   Skills:
 + Level 16.1(20.2) Fighting
 - Level 11.8(14.0) Armour
 + Level 11.5(13.7) Dodging
 + Level 10.9(13.1) Stealth
 - Level 16.0(20.1) Spellcasting


You knew the following spells:

 Your Spells              Type           Power      Damage    Failure   Level
a - Magic Dart            Conj           100%       1d8       0%          1
b - Searing Ray           Conj           100%       2d8       0%          2
c - Dazzling Flash        Conj/Hex       100%       N/A       0%          3
d - Fulminant Prism       Conj/Hex       45%        3d21      0%          4
e - Iskenderun's Mystic   Conj/Tloc      90%        2d18      0%          4
f - Beastly Appendage     Tmut           100%       N/A       0%          1
g - Lesser Beckoning      Tloc           100%       N/A       0%          2
h - Tukima's Dance        Hex            90%        N/A       0%          3
i - Swiftness             Air            90%        N/A       0%          3
j - Summon Forest         Summ/Tloc      45%        N/A       0%          5
k - Irradiate             Conj/Tmut      45%        3d26      0%          5
l - Eringya's Noxious Bo  Tmut/Pois      45%        N/A       1%          6
m - Simulacrum            Ice/Necr       45%        N/A       1%          6
n - Ozocubu's Refrigerat  Ice            45%        4d17      1%          7
Your spell library was empty.

Dungeon Overview and Level Annotations

Branches:
Dungeon (13/15)            Temple (0/1) D:7            Lair (5/5) D:10
  Swamp (1/4) Lair:3       Spider (4/4) Lair:2        Slime (0/5) Lair:4
    Orc (2/2) D:10            Elf (0/3) Orc:2         Sewer (visited)
Volcano (visited)
 Vaults: D:13-14

Altars:
Ashenzari
Elyvilon
Qazlal
Ru
Trog
Uskayaw
Yredelemnul
Zin
The Shining One
Jiyva

Shops:
D:8 *   Orc:2 ((=:

Annotations:
D:3 exclusion: ice beast, Ijyb
D:4 2 transporters, KittyFluff's ghost, amateur GrBe
D:12 Azrael
Swamp:1 Mlioglotl; Nikola
Spider:2 2 transporters, exclusion: oklob plant, edwinsage's ghost, journeyman VSTm


Innate Abilities, Weirdness & Mutations

You are immune to sickness and miasma.
You are immune to poison.
Your flesh is very heat resistant. (rF++)
You are vulnerable to cold. (rC-)
You float through the air rather than walking.
You learn spells naturally, not from books.
Your magical power is your life essence.
You have superior vitality. (+4 MHP)


Message History

The five-headed hydra bites you but does no damage.
Mlioglotl churns violently!
Mlioglotl corrupts the dungeon around him!
The spriggan rider hits you with a +1 quarterstaff of pain!!
You writhe in agony.
There is a staircase back to the Lair here.
Unknown command.
Unknown command.
The five-headed hydra misses you.
The five-headed hydra barely misses you.
The five-headed hydra bites you. The five-headed hydra misses you.
The five-headed hydra bites you. The tyrant leech misses you.
The five-headed hydra bites you but does no damage.
The five-headed hydra misses you. x2
The five-headed hydra bites you but does no damage.
The five-headed hydra bites you.
The spriggan rider hits you with a +1 quarterstaff of pain!
You fly upwards.
Welcome back to the Lair of Beasts!
There is a staircase to the Swamp here.
Unknown command.
Unknown command.
Unknown command.
Casting: Ozocubu's Refrigeration (mildly dangerous; 1% risk of failure)
Confirm with . or Enter, or press ? or * to list all spells.
The heat is drained from your surroundings.
The five-headed hydra is moderately wounded.
The five-headed hydra seems to slow down.
The spriggan rider is lightly wounded.
The tyrant leech is lightly wounded.
The five-headed hydra is lightly wounded.
The five-headed hydra seems to slow down.
The spriggan rider hits you with a +1 quarterstaff of pain!!
* * * LOW HITPOINT WARNING * * *
You writhe in agony.
* * * LOW HITPOINT WARNING * * *
The tyrant leech bites you!
* * * LOW HITPOINT WARNING * * *
The five-headed hydra bites you!
* * * LOW HITPOINT WARNING * * *
The five-headed hydra bites you.
You die...

##....### ###
###....# #P.
##...## ##.
#....## #.(
###...### ##..
##....# #..#
##...## ##.<#
##.wi## ##..##
#D@§§####
##...#
##§D§.#.#
#..[##
###?...# ##.^#
#....#####...#
###...#.##..##
##...#....#
##......##
##.....##
#....#.#


You could see 2 five-headed hydras, a tyrant leech and a spriggan rider.

Vanquished Creatures
  Arachne (Spider:2)
  Gastronok (Lair:1)
  Aizul (Spider:1)
  2 emperor scorpions
  3 ghost moths
  2 spark wasps (Spider:1)
  3 entropy weavers
  2 ettins
  A fire dragon (Volcano)
  A hydra (Lair:5)
  Josephine (D:12)
  A centaur warrior (D:9)
  A radroach (Spider:1)
  A catoblepas (Lair:5)
  Erica (Orc:1)
  4 boulder beetles
  3 two-headed ogres
  An alligator (Lair:3)
  3 orc high priests (Orc:2)
  A pharaoh ant (Lair:2)
  3 skeletal warriors (D:12)
  A sun moth (Spider:1)
  3 skysharks
  2 steelbarb worms
  6 orc knights (Orc:2)
  4 lindwurms (Volcano)
  9 wolf spiders
  5 orc sorcerers
  A manticore (D:12)
  5 cyclopes
  21 elephants
  A will-o-the-wisp (Swamp:1)
  2 moths of wrath
  2 smoke demons (Volcano)
  3 black mambas
  4 cane toads
  5 demonic crawlers (Spider:1)
  4 torpor snails
  10 rime drakes
  A kobold demonologist (D:11)
  9 komodo dragons
  An unseen horror (D:12)
  7 polar bears
  A queen bee (D:10)
  5 trolls
  A tyrant leech (Lair:3)
  5 hornets
  12 tarantellas
  10 blink frogs
  A dream sheep (Lair:5)
  2 slime creatures
  12 jumping spiders
  41 yaks
  11 spriggans
  A vampire (D:10)
  A wyvern (D:8)
  5 culicivoras
  2 shadows
  7 wraiths
  4 basilisks
  4 steam dragons
  39 redbacks
  Edmund (D:5)
  14 vampire mosquitoes
  5 wargs
  3 swamp worms (Swamp:1)
  An acid dragon (D:12)
  A hell hound (Volcano)
  11 water moccasins
  22 orc warriors
  2 ice beasts (D:6)
  4 black bears
  11 ogres
  2 boggarts (Lair:5)
  28 wolves
  2 phantoms
  10 bullfrogs
  4 kobold brigands
  2 gnoll sergeants
  6 scorpions
  3 wights (D:7)
  32 killer bees
  4 electric eels (Spider:1)
  8 howler monkeys
  21 orc priests
  A hound (D:7)
  11 jellies
  6 iguanas
  A gnoll bouda (D:5)
  Terence (D:2)
  23 orc wizards
  4 hell rats (Lair:3)
  10 adders
  12 gnolls
  A river rat (Sewer)
  3 worms
  A dart slug (D:2)
  86 orcs
  9 ball pythons
  17 endoplasms
  7 giant cockroaches
  11 hobgoblins
  11 jackals
  13 kobolds
  7 quokkas
  6 bats
  10 frilled lizards
  5 goblins
  12 rats
  7 fulminant prisms
779 creatures vanquished.

Vanquished Creatures (collateral kills)
  5 emperor scorpions (Spider:4)
  4 ghost moths
  A spark wasp (Spider:1)
  2 jorogumos
  A hydra (Lair:5)
  A radroach (Spider:1)
  2 boulder beetles
  A pharaoh ant (Spider:3)
  10 orb spiders
  A spriggan druid (Swamp:1)
  A sun moth (Spider:3)
  5 steelbarb worms (Spider:4)
  11 wolf spiders
  A moth of wrath (Spider:4)
  6 elephants (Lair:5)
  3 cane toads (Lair:5)
  A torpor snail (Spider:4)
  4 demonic crawlers
  2 komodo dragons (Lair:5)
  3 polar bears (Lair:5)
  13 tarantellas
  4 hornets
  2 blink frogs (Lair:5)
  17 jumping spiders
  11 culicivoras
  5 spriggans (Lair:5)
  4 yaks (Lair:5)
  51 redbacks
  3 water moccasins
  11 wolves
  A boggart (Lair:5)
  2 killer bees (D:10)
  An orc priest (Orc:1)
190 creatures vanquished.

Vanquished Creatures (others)
  A tarantella (Spider:2)
  A kobold brigand (D:9)
  432 fulminant prisms
434 creatures vanquished.

Grand Total: 1403 creatures vanquished

Notes
Turn   | Place    | Note
-------+----------+-------------------------------------------
     0 | D:1      | Woods the Djinni Conjurer began the quest for the Orb.
     0 | D:1      | Woods set off with the following spells memorised: Magic
                  | Dart, Searing Ray, Dazzling Flash, Fulminant Prism,
                  | Iskenderun's Mystic Blast.
     0 | D:1      | Reached XP level 1. HP: 15/15 MP: 0/0
   115 | D:1      | Reached XP level 2. HP: 21/22 MP: 0/0
   390 | D:1      | Found a faded altar of an unknown god.
   406 | D:1      | Reached XP level 3. HP: 19/26 MP: 0/0
   406 | D:1      | Learned a level 1 spell: Beastly Appendage
   407 | D:1      | Reached skill level 1 in Fighting
   991 | D:2      | Identified the +3 scale mail of the Unseen Realm {Harm
                  | rCorr Dex+3}
  1284 | D:2      | Reached XP level 4. HP: 28/32 MP: 0/0
  1525 | D:3      | Noticed an ice beast
  1680 | D:3      | Noticed Terence
  1728 | D:2      | Killed Terence
  1944 | D:3      | Noticed Ijyb
  2282 | D:4      | Noticed an ogre
  2360 | D:4      | Reached XP level 5. HP: 35/38 MP: 0/0
  2360 | D:4      | Learned a level 2 spell: Lesser Beckoning
  2742 | D:4      | Found a transporter.
  2743 | D:4      | Noticed KittyFluff's ghost (amateur GrBe)
  2743 | D:4      | Noticed an ogre
  2744 | D:4      | Found a transporter.
  2745 | D:4      | Noticed an ogre
  2780 | D:4      | Found a glowing drain.
  2792 | Sewer    | Entered a sewer
  3083 | Sewer    | Reached XP level 6. HP: 42/43 MP: 0/0
  3601 | D:4      | Reached XP level 7. HP: 26/49 MP: 0/0
  3601 | D:4      | Learned a level 3 spell: Tukima's Dance
  3987 | D:4      | Reached skill level 5 in Spellcasting
  4207 | D:4      | Reached XP level 8. HP: 53/56 MP: 0/0
  4474 | D:5      | Entered Level 5 of the Dungeon
  4478 | D:5      | Noticed Edmund
  4862 | D:5      | Killed Edmund
  4863 | D:5      | Reached skill level 5 in Dodging
  5358 | D:5      | Found a broken altar of Ashenzari.
  5366 | D:5      | Became a worshipper of Ashenzari the Shackled
  5486 | D:5      | Reached XP level 9. HP: 37/63 MP: 0/0
  5486 | D:5      | Learned a level 3 spell: Swiftness
  6127 | D:6      | Reached skill level 5 in Fighting
  6127 | D:6      | Reached skill level 5 in Stealth
  6600 | D:6      | Found a stormy altar of Qazlal.
  7127 | D:7      | Noticed a troll
  7132 | D:7      | Reached XP level 10. HP: 67/72 MP: 0/0
  7934 | D:7      | Found a hide-covered altar of Uskayaw.
  7981 | D:7      | Found a sacrificial altar of Ru.
  8138 | D:7      | Found a staircase to the Ecumenical Temple.
  8786 | D:8      | Found Ozirut's Elemental Accessories.
  9253 | D:8      | Found a white marble altar of Elyvilon.
  9447 | D:8      | Reached skill level 1 in Armour
  9573 | D:8      | Reached XP level 11. HP: 73/77 MP: 0/0
  9573 | D:8      | Learned a level 5 spell: Summon Forest
  9743 | D:9      | Noticed a centaur warrior
 10003 | D:9      | Noticed a two-headed ogre
 10018 | D:9      | Killed a two-headed ogre
 10373 | D:9      | Noticed a centaur warrior
 10397 | D:9      | Killed a centaur warrior
 10651 | D:9      | Found a glowing golden altar of the Shining One.
 10653 | D:9      | Noticed an angel
 10662 | D:9      | Found a basalt altar of Yredelemnul.
 10818 | D:9      | Noticed a two-headed ogre
 10846 | D:9      | Killed a two-headed ogre
 11329 | D:10     | Entered Level 10 of the Dungeon
 11329 | D:10     | Found a bloodstained altar of Trog.
 11411 | D:10     | HP: 3/77 [killer bee (6)]
 11703 | D:10     | Reached skill level 5 in Armour
 12242 | D:10     | Found a staircase to the Lair.
 12330 | D:10     | Reached XP level 12. HP: 48/84 MP: 0/0
 12476 | D:10     | Found a staircase to the Orcish Mines.
 13153 | D:11     | Reached * piety under Ashenzari
 14014 | D:12     | Noticed Azrael
 14206 | D:12     | Reached skill level 10 in Spellcasting
 14223 | D:12     | Noticed a two-headed ogre
 14267 | D:12     | Killed a two-headed ogre
 14300 | D:12     | Noticed a skeletal warrior
 14300 | D:12     | Noticed a skeletal warrior
 14332 | D:12     | Noticed a skeletal warrior
 14333 | D:12     | Killed a skeletal warrior
 14338 | D:12     | Killed a skeletal warrior
 14341 | D:12     | Killed a skeletal warrior
 14603 | D:12     | Reached ** piety under Ashenzari
 14708 | D:12     | Noticed Josephine
 14722 | D:12     | Killed Josephine
 14723 | D:12     | Reached XP level 13. HP: 88/96 MP: 0/0
 14723 | D:12     | Learned a level 5 spell: Irradiate
 15111 | D:13     | Identified a scroll of acquirement
 15124 | D:12     | Acquired the staff of fire "Suorajis" {rF+ Dex+2}
 15226 | Lair:1   | Entered Level 1 of the Lair of Beasts
 15232 | Lair:1   | Noticed Gastronok
 15265 | Lair:1   | Killed Gastronok
 15976 | Lair:1   | You are sucked into a shaft and drop 1 floor!
 15997 | Lair:2   | Reached *** piety under Ashenzari
 16343 | Lair:2   | Found a hole to the Spider Nest.
 16604 | Lair:2   | Found the +4 skin of Zhor {*Englaciate rC+++ SInv}
 17104 | Lair:3   | Reached XP level 14. HP: 43/108 MP: 0/0
 17400 | Lair:3   | Reached skill level 10 in Dodging
 17616 | Lair:3   | Found a staircase to the Swamp.
 17668 | Lair:3   | Found the amulet of Vitality {RegenMP++ Regen++}
 18093 | Lair:4   | Reached skill level 10 in Stealth
 18368 | Lair:4   | Found a dark tunnel.
 18376 | Volcano  | Entered a volcano
 19389 | Lair:4   | Reached skill level 10 in Fighting
 19623 | Lair:4   | Found a staircase to the Slime Pits.
 19623 | Lair:4   | Found a viscous altar of Jiyva.
 19772 | Lair:5   | Entered Level 5 of the Lair of Beasts
 19905 | Orc:1    | Entered Level 1 of the Orcish Mines
 19976 | Orc:1    | Noticed Erica
 19987 | Orc:1    | Killed Erica
 20069 | Orc:1    | Reached XP level 15. HP: 77/116 MP: 0/0
 20069 | Orc:1    | Learned a level 6 spell: Eringya's Noxious Bog
 20504 | Orc:2    | Entered Level 2 of the Orcish Mines
 20758 | Orc:2    | Found a staircase to the Elven Halls.
 21481 | Orc:2    | Found Faetexes's Book Shoppe.
 21481 | Orc:2    | Found Etuste Newo's Weapon Shop.
 21483 | Orc:2    | Found Sovynk's Jewellery Shoppe.
 21483 | Orc:2    | Found Penod's Antique Weapon Shop.
 21767 | Swamp:1  | Entered Level 1 of the Swamp
 21863 | Lair:3   | Reached XP level 16. HP: 128/128 MP: 0/0
 21864 | Lair:3   | Reached XP level 17. HP: 134/134 MP: 0/0
 21864 | Lair:3   | Learned a level 6 spell: Simulacrum
 21979 | Swamp:1  | Identified the cursed +0 cloak "Chained Liberalism" {Fort,
                  | Self} (You found it on level 6 of the Dungeon)
 21979 | Swamp:1  | Identified the cursed +0 pair of gloves "Celestial
                  | Affliction" {Self, Cun} (You found it on level 5 of the
                  | Dungeon)
 21979 | Swamp:1  | Identified the cursed +2 troll leather armour of
                  | Ashenzari's Stoicism {Regen+, Fort, Self} (You found it on
                  | level 7 of the Dungeon)
 21982 | Swamp:1  | Noticed Mlioglotl
 21986 | Swamp:1  | Noticed a tentacled starspawn
 22005 | Swamp:1  | Noticed Nikola
 22274 | Spider:1 | Entered Level 1 of the Spider Nest
 22685 | Spider:1 | Noticed Aizul
 23285 | Spider:1 | Killed Aizul
 23286 | Spider:1 | Reached XP level 18. HP: 140/141 MP: 0/0
 23291 | Spider:1 | Reached skill level 15 in Spellcasting
 23926 | Spider:2 | Found a transporter.
 23946 | Spider:2 | Found a transporter.
 23956 | Spider:2 | Noticed edwinsage's ghost (journeyman VSTm)
 23994 | Spider:2 | HP: 5/142 [demonic crawler simulacrum[the player character]
                  | (15)]
 24109 | Spider:2 | Reached skill level 10 in Armour
 24906 | Spider:2 | Noticed Arachne
 24937 | Spider:2 | Killed Arachne
 25619 | Spider:4 | Entered Level 4 of the Spider Nest
 26055 | Spider:4 | Reached XP level 19. HP: 151/151 MP: 0/0
 26055 | Spider:4 | Learned a level 7 spell: Ozocubu's Refrigeration
 26077 | Spider:4 | Reached skill level 15 in Fighting
 26077 | Spider:4 | Got a gossamer rune of Zot
 26716 | Lair:5   | Found a glowing silver altar of Zin.
 27102 | Lair:5   | Identified the +0 robe of the Baleful God {-Cast Rampage
                  | rPois}
 27347 | Lair:5   | Identified the +1 robe of Qungyadd {Harm Rampage rN+}
 27460 | Swamp:1  | Noticed a bone dragon
 27462 | Lair:3   | HP: 4/156 [five-headed hydra (13)]
 27462 | Lair:3   | Slain by a five-headed hydra

Illustrated notes

Levels and vault maps discovered:
D:1:      saegor_arrival_simple_c, layout_loops_ring,
          dreamdust_ecumenical_altar_grove, corexii_item_surrounded_by_moat,
          corexii_corridor_pit
D:2:      layout_loops_ring
D:3:      layout_basic, minmay_misc_feat_more_columns, minmay_misc_feat_rows,
          uniq_terence, uniq_ijyb, uniq_crazy_yiuf_cottage
D:4:      layout_loops_ring, gup_sewer_entry_pipe, gammafunk_ghost_smash
D:5:      layout_loops_ring, mainiacjoe_overflow_small_starburst, uniq_edmund
D:6:      layout_cave_pools, nicolae_qazlal_eye_of_the_storm,
          kennysheep_generic_room_5
D:7:      minmay_slanted_spiral_squares, layout_loops_corners,
          nicolae_ru_great_annihilating_truth,
          nicolae_uskayaw_murder_on_the_dancefloor, minmay_temple_entry_trees
D:8:      layout_rooms, kiku_gazebo_pond_becter, mainiacjoe_overflow_alcove_4,
          kennysheep_orc_sif_temple, serial_curves, eino_curves_04,
          eino_curves_02, eino_curves_04, minmay_misc_feat_x,
          nicolae_elemental_shop
D:9:      minmay_diamond_stairs, layout_gridville,
          grunt_temple_overflow_holy_war, roderic_roman_lattice
D:10:     layout_long_grid, trog_ov_bears_minmay, hellmonk_lair_entry_icy,
          orc_0_dummy, special_room [special_room_bee], minivault_16,
          kennysheep_cluttered_room
D:11:     layout_stronghold
D:12:     layout_roguey [special_room_orc], uniq_azrael, uniq_josephine
D:13:     layout_loops_ring, erik_vaults_2, uniq_snorg, uniq_frances
Lair:1:   layout_roguey, uniq_gastronok
Lair:2:   layout_big_grid, nicolae_spider_entry_lesser_pyramids,
          hellmonk_guarded_unrand_zhor, grunt_megastairs_1
Lair:3:   layout_hall_layers, swamp_mist
Lair:4:   lemuel_slime, layout_cave_pods, slime_entry_1,
          lightli_volcano_entry_magma_tube, beast_lair_carwin_11
Lair:5:   minmay_lair_end_enchanted_forest, layout_cave_shapes, basic_altar
Swamp:1:  layout_basic_swamp, infiniplex_staircase_pool_2, swamp_pool5,
          uniq_nikola, uniq_mlioglotl
Spider:1: layout_chambers, nicolae_spider_bzzzt, uniq_aizul
Spider:2: layout_cave_pods, nzn_ghost_randoct, guppyfry_spider_mini_2,
          uniq_arachne
Spider:3: layout_spider_delve, spiders_nest_spider_trap
Spider:4: grunt_spider_rune_circles
Orc:1:    layout_caves, uniq_erica
Orc:2:    grunt_orc_tribal_feast, layout_caves

Skill      XL: |  1  2  3  4  5  6  7  8  9 10 11 12 13 14 15 16 17 18 19 |
---------------+----------------------------------------------------------+-----
Fighting       | 1 2 3 4 5 6 7 8 10 11 12 13 14 16 | 16.1
Stealth        | 2 3 4 5 6 8 9 10 | 10.9
Dodging        | 3 4 5 6 8 9 11 | 11.5
Spellcasting   | 4 5 6 7 9 10 12 14 15 16 | 16.0
Armour         | 1 5 6 7 9 11 | 11.8

Action                     |  1- 3 |  4- 6 |  7- 9 | 10-12 | 13-15 | 16-18 | 19-21 || total
---------------------------+-------+-------+-------+-------+-------+-------+-------++-------
  Melee: Unarmed           |       |       |     1 |       |       |       |       ||     1
         Staff             |       |       |       |       |     1 |     8 |     1 ||    10
   Cast: Magic Dart        |    42 |    42 |    67 |   126 |    85 |     8 |     2 ||   372
         Searing Ray       |    13 |    41 |    69 |    97 |    50 |    16 |       ||   286
         Dazzling Flash    |       |     1 |       |       |       |       |       ||     1
         Beastly Appendage |       |     1 |     1 |     1 |     1 |     1 |       ||     5
         Fulminant Prism   |       |       |    10 |    78 |   257 |    94 |     1 ||   440
         Iskenderun's Myst |       |       |       |    52 |   145 |   139 |     3 ||   339
         Tukima's Dance    |       |       |       |     1 |       |       |       ||     1
         Summon Forest     |       |       |       |     1 |     2 |     4 |       ||     7
         Irradiate         |       |       |       |       |     4 |     4 |       ||     8
         Simulacrum        |       |       |       |       |       |   126 |    61 ||   187
         Eringya's Noxious |       |       |       |       |       |     8 |       ||     8
         Ozocubu's Refrige |       |       |       |       |       |       |    70 ||    70
 Invoke: Curse Item        |       |       |       |     3 |     2 |       |     1 ||     6
         Shatter the Chain |       |       |       |       |       |     1 |       ||     1
  Evoke: Wand              |       |       |       |       |     1 |       |       ||     1
    Use: Scroll            |       |     1 |     4 |     2 |     4 |    10 |       ||    21
         Potion            |       |       |       |     2 |     1 |     7 |       ||    10
 Armour: Robe              |     1 |     6 |     6 |    28 |       |       |       ||    41
         Troll leather arm |       |       |       |     7 |    40 |    76 |    13 ||   136
         Skin              |       |       |       |       |       |     6 |       ||     6
  Dodge: Dodged            |     3 |    24 |    35 |    92 |    91 |   243 |    17 ||   505
  Block: Other             |       |       |     9 |    44 |    23 |    10 |       ||    86
         Reflection        |       |       |     1 |     5 |     1 |       |       ||     7
